 Dungeon Crawl Stone Soup version 0.22-a0-414-gacd343e8ff (webtiles) character file.

31 Lorindel the Skirmisher (level 3, 0/22 HPs)
             Began as a Deep Elf Fighter on May 14, 2018.
             Succumbed to an adder's poison
             ... on level 2 of the Dungeon.
             The game lasted 00:03:27 (1189 turns).

Lorindel the Skirmisher (Deep Elf Fighter)          Turns: 1189, Time: 00:03:28

Health: 0/22       AC:  6    Str: 14    XL:     3   Next: 7%
Magic:  6/6        EV:  9    Int: 12    God:
Gold:   48         SH:  0    Dex: 14    Spells: 4/4 levels left

rFire    . . .     SeeInvis .   a - +0 long sword
rCold    . . .     Gourm    .   (no shield)
rNeg     . . .     Faith    .   b - +0 scale mail
rPois    .         Spirit   .   (no helmet)
rElec    .         Reflect  .   (no cloak)
rCorr    .         Harm     .   (no gloves)
MR       .....                  (no boots)
Stlth    ..........             j - amulet of inaccuracy (curse)
HPRegen  0.07/turn              (no ring)
MPRegen  0.10/turn              (no ring)

@: lethally poisoned (0 -> -12)
A: no striking features
a: no special abilities


You were on level 2 of the Dungeon.
You were not hungry.

You visited 1 branch of the dungeon, and saw 2 of its levels.

You collected 48 gold pieces.

Inventory:

Hand Weapons
 a - a +0 long sword (weapon)
Armour
 b - a +0 scale mail (worn)
 c - a +0 shield
Jewellery
 j - a cursed amulet of inaccuracy (around neck)
Scrolls
 e - 2 scrolls of magic mapping {unknown}
 g - a scroll of fear {unknown}
 k - a scroll of identify
 l - a scroll of amnesia {unknown}
Potions
 d - a potion of might
 i - 2 potions of flight
Comestibles
 f - 2 rations
 h - 5 chunks of flesh


   Skills:
 * Level 2.7 Fighting
 * Level 2.2 Long Blades
 + Level 2.5 Armour
 + Level 0.8 Dodging
 + Level 2.5 Shields
 - Level 1.0 Spellcasting


You had 4 spell levels left.
You didn't know any spells.
Your spell library was empty.

Dungeon Overview and Level Annotations

Branches:
Dungeon (2/15)

Altars:


Message History

The adder is moderately wounded.
You miss the adder.
The adder is moderately wounded.
* * * LOW HITPOINT WARNING * * *
You feel sick. The adder bites you.
* * * LOW HITPOINT WARNING * * *
The adder barely misses you.
Your scale mail prevents you from hitting the adder.
The adder is moderately wounded.
The adder barely misses you.
You barely miss the adder.
The adder is moderately wounded.
* * * LOW HITPOINT WARNING * * *
You feel sick. The adder barely misses you. The adder bites you.
* * * LOW HITPOINT WARNING * * *
You are more poisoned.
The adder poisons you!
You hit the adder.
The adder is heavily wounded.
You die...

#.#(#..# #.#.#..#
#.#.#..# #.#.#..#
#.#.#..# ### #.#.#..#
.. #.#<...# .#
#.###..#######.#.####
#..รท.........@S[.....
#.############.#.####
### ##


You could see an adder.

Vanquished Creatures
  A gnoll (D:1)
  A dart slug (D:1)
  2 leopard geckos (D:1)
  A ball python (D:2)
  A bat (D:1)
  A giant cockroach (D:1)
  4 hobgoblins (D:1)
  2 frilled lizards (D:1)
  A goblin (D:1)
  2 kobolds (D:1)
  2 rats (D:1)
18 creatures vanquished.

Notes
Turn   | Place    | Note
-------+----------+-------------------------------------------
     0 | D:1      | Lorindel the Deep Elf Fighter began the quest for the Orb.
     0 | D:1      | Reached XP level 1. HP: 13/13 MP: 3/3
   243 | D:1      | Reached XP level 2. HP: 8/18 MP: 4/4
   724 | D:1      | Reached skill level 1 in Spellcasting
  1007 | D:1      | Reached XP level 3. HP: 19/22 MP: 6/6
  1188 | D:2      | HP: 1/22 [adder (3)]
  1189 | D:2      | Succumbed to an adder's poison

Vault maps used:
D:1:      noname_arrival_rooms_in_the_neighbourhood, hex_medium, hex_large

Skill      XL: |  1  2 |
---------------+-------+-----
Long Blades    | 2 |  2.2
Spellcasting   | 1 |  1.0
Fighting       | |  2.7
Armour         | |  2.5
Dodging        | |  0.8
Shields        | |  2.5

Action                   || total
-------------------------++-------
Melee: Long sword        ||    74
  Use: Scroll            ||     2
  Eat: Chunk             ||     1
Armor: Scale mail        ||    41
Dodge: Dodged            ||    58
       Rpst.: Long sword ||    18

Table legend:
 A = Spawn XP
 B = Non-spawn XP
 C = Spawn XP percentage of total XP
 D = Spawn monster count
 E = Non-spawn monster count
 F = Spawn count percentage of total count
 G = Total turns spent on level
                    A         B        C        D         E        F      G
               +---------+---------+-------+---------+---------+-------+---------
         Total |       0 |      45 |   0.0 |       0 |      18 |   0.0 |  1189
               +---------+---------+-------+---------+---------+-------+---------
           D:1 |       0 |      43 |   0.0 |       0 |      17 |   0.0 |  1128
           D:2 |       0 |       2 |   0.0 |       0 |       1 |   0.0 |    61
               +---------+---------+-------+---------+---------+-------+---------
